[Event "Titled Tuesday Blitz April 05 Late 2022"]
[White "Sanal, Vahap"]
[Black "Sevian, Samuel"]
[WhiteFideId "6300545"]
[BlackFideId "2040506"]
[WhiteElo "2603"]
[BlackElo "2698"]
[Result "1-0"]
[Round "09"]
[TimeControl "180+1"]
[Date "2022.04.05"]
[WhiteClock "0:00:04"]
[BlackClock "0:00:01"]

1. e4 Nc6 2. d4 d5 3. e5 Bf5 4. c3 e6 5. Bd3 Nge7 6. Ne2 Bg6 7. O-O Qd7 8. Na3 Na5 9. b4 Nac6 10. Nc2 Bxd3 11. Qxd3 Ng6 12. f4 Be7 13. f5 exf5 14. Ng3 Nh4 15. Nxf5 Nxf5 16. Rxf5 f6 17. b5 Nd8 18. exf6 Bxf6 19. Ba3 Ne6 20. Ne3 c6 21. bxc6 bxc6 22. Ng4 O-O-O 23. Rb1 Nc7 24. Nxf6 gxf6 25. Rxf6 Rhe8 26. Rd6 Qe7 27. Qf5+ Rd7 28. h3 Qf7 29. Qxf7 Rxf7 30. Rxc6 Kd7 31. Rd6+ Kc8 32. Rc6 Kd7 33. Rd6+ Kc8 34. Rb2 h5 35. Bc5 h4 36. Rh6 Re4 37. Kh2 Ne6 38. Rh8+ Kc7 39. Bxa7 Rf1 40. Bb8+ Kd7 41. a4 Ng5 42. Rb7+ Kc6 43. Rc7+ Kb6 44. Rh6+ Re6 45. Rxe6+ Nxe6 46. Rh7 Ng5 47. Rxh4 Ne4 48. Rh7 Nxc3 49. Be5 Ne4 50. Rh8 Nf2 51. Rb8+ Ka6 52. Rd8 Rh1+ 53. Kg3 Ne4+ 54. Kh4 Nc3 55. Rc8 Ne4 56. Rd8 Nc3 57. g4 Rg1 58. g5 Ne4 59. Bf4 Rf1 60. Kg4 Nf2+ 61. Kh5 Nxh3 62. Be5 Rh1 63. Kg6 Rg1 64. Bf6 Rf1 65. Kg7 Nf4 66. Rd6+ Kb7 67. Be5 Nh3 68. g6 Ng5 69. a5 Rg1 70. Rb6+ Ka7 71. Bb8+ Ka8 72. Bf4 Nf3 73. Be5 Ng5 74. Rd6 Rf1 75. Kg8 Rc1 76. Rd8+ Ka7 77. g7 Rf1 78. Re8 Ka6 79. Bd6 Ne4 80. Re6 Kxa5 81. Be5 Ng5 82. Rg6 Ne4 83. Kh7 Rh1+ 84. Rh6 Ng5+ 85. Kg6 Rg1 86. g8=Q Nf7+ 87. Kxf7 1-0


[Site "https://www.chess.com"]

[Event "Titled Tuesday Blitz April 05 Late 2022"]
[White "Sapunov, Evgeny"]
[Black "Mikhalsky, Vladimir"]
[WhiteFideId "4126661"]
[BlackFideId "14144352"]
[WhiteElo "2702"]
[BlackElo "2518"]
[Result "1-0"]
[Round "09"]
[TimeControl "180+1"]
[Date "2022.04.06"]
[WhiteClock "0:00:42"]
[BlackClock "0:00:05"]

1. c4 c5 2. Nf3 Nf6 3. Nc3 d5 4. cxd5 Nxd5 5. g3 Nc6 6. Bg2 Nc7 7. d3 e5 8. Nd2 Bd7 9. Nc4 f6 10. O-O Be7 11. e3 b5 12. Nd2 O-O 13. b3 Rc8 14. Qe2 b4 15. Na4 Na5 16. Bb2 Bxa4 17. bxa4 Qd7 18. d4 cxd4 19. exd4 exd4 20. Rfd1 Bc5 21. Nf3 Rfe8 22. Qc2 Ne6 23. Rac1 Bb6 24. Qd3 Qxa4 25. Rxc8 Rxc8 26. Bh3 Re8 27. Re1 Nc5 28. Rxe8+ Qxe8 29. Qxd4 Qe4 30. Qd1 Nc4 31. Bd4 Nd3 32. Bf1 Ndb2 33. Qb3 Kh8 34. Bxc4 Nxc4 35. Qxc4 h5 36. Qc8+ Kh7 37. Bxb6 Qxf3 38. Qc2+ g6 39. Bxa7 Qa3 40. Bd4 1-0


[Site "https://www.chess.com"]

[Event "Titled Tuesday Blitz April 05 Late 2022"]
[White "Silvestre, Christian"]
[Black "Brizzi, Milagros Tatiana"]
[WhiteFideId "30956269"]
[BlackFideId "128350"]
[WhiteElo "2380"]
[BlackElo "1844"]
[Result "1-0"]
[Round "09"]
[TimeControl "180+1"]
[Date "2022.04.06"]
[WhiteClock "0:00:09"]
[BlackClock "0:00:01"]

1. e4 c6 2. d4 d5 3. e5 Bf5 4. Nf3 e6 5. Be2 c5 6. c3 Nc6 7. O-O cxd4 8. cxd4 Nge7 9. Nc3 Nc8 10. Be3 Be7 11. a3 O-O 12. b4 a6 13. Rc1 Nb6 14. Nd2 Rc8 15. g4 Bg6 16. f4 Qd7 17. Qe1 f6 18. Qg3 fxe5 19. fxe5 Rxf1+ 20. Nxf1 Nd8 21. h4 Nc4 22. Bxc4 Rxc4 23. h5 Be8 24. Ne2 Qc7 25. Rxc4 Qxc4 26. Qf3 Bb5 27. Neg3 Nc6 28. Nd2 Qd3 29. Qf4 h6 30. Nf3 Qd1+ 31. Kh2 Qc2+ 32. Kh3 Nd8 33. g5 hxg5 34. Nxg5 Bd3 35. Nf3 Nf7 36. Qg4 Bf5 37. Nxf5 exf5 38. Qg6 Qe4 39. h6 Nxh6 40. Bxh6 Qxf3+ 41. Kh2 Qf2+ 42. Kh3 Qf3+ 43. Kh2 Qe2+ 44. Kh3 Qf1+ 45. Kh2 Qe2+ 46. Kh1 Qf3+ 47. Kg1 Qg4+ 48. Qxg4 fxg4 49. Be3 Kf7 50. Kg2 Ke6 51. Kg3 Kf5 52. Bg1 Bg5 53. Bf2 Bc1 54. Bg1 b5 55. Kg2 Bxa3 56. Be3 Bxb4 57. Bg1 Bc3 58. e6 b4 59. e7 b3 60. Bh2 b2 61. e8=Q b1=Q 62. Qf7+ Kg5 63. Qf4+ Kg6 64. Qd6+ Kh7 65. Qxd5 Qc2+ 66. Kg3 Qd3+ 67. Kxg4 Qe2+ 68. Kh3 Qe3+ 69. Kh4 Qf2+ 70. Kh3 Qe3+ 71. Kg2 Bd2 72. Qf5+ 1-0


[Site "https://www.chess.com"]

[Event "Titled Tuesday Blitz April 05 Late 2022"]
[White "Soysal, Serkan"]
[Black "Dimakiling, Oliver"]
[WhiteFideId "6349250"]
[BlackFideId "5202248"]
[WhiteElo "2440"]
[BlackElo "2426"]
[Result "1-0"]
[Round "09"]
[TimeControl "180+1"]
[Date "2022.04.05"]
[WhiteClock "0:00:35"]
[BlackClock "0:01:25"]

1. Nf3 g6 2. d4 Bg7 3. g3 d5 4. Bg2 Nf6 5. O-O O-O 6. c3 Nbd7 7. Nbd2 c5 8. dxc5 Nxc5 9. Nb3 Na4 10. Nbd4 Bd7 11. Ne5 Be8 12. Nd3 Ne4 13. Be3 e5 14. Nb3 Bc6 15. Qc1 Re8 16. Nb4 a5 17. Nxc6 bxc6 18. Bxe4 dxe4 19. Rd1 Qc7 20. Nd2 f5 21. Nc4 Bf8 22. Bh6 Rab8 23. Bxf8 Rxf8 24. b3 Nc5 25. Qa3 Nb7 26. Rd2 f4 27. Rad1 Rf7 28. Nd6 Nxd6 29. Qxd6 e3 30. fxe3 fxg3 31. hxg3 Qa7 32. Qxe5 Re7 33. Rd8+ Rxd8 34. Rxd8+ Kf7 35. Qf4+ Ke6 36. Rd6# 1-0


[Site "https://www.chess.com"]

[Event "Titled Tuesday Blitz April 05 Late 2022"]
[White "Stoenescu, Radu"]
[Black "D`Arruda, Ricardo D."]
[WhiteFideId "610143"]
[BlackFideId "100692"]
[WhiteElo "1936"]
[BlackElo "2161"]
[Result "0-1"]
[Round "09"]
[TimeControl "180+1"]
[Date "2022.04.06"]
[WhiteClock "0:00:01"]
[BlackClock "0:00:11"]

1. e4 c5 2. Nf3 Nc6 3. d4 cxd4 4. Nxd4 e5 5. Nb5 a6 6. Nd6+ Bxd6 7. Qxd6 Qe7 8. Qd1 Nf6 9. Nc3 d6 10. Be2 Be6 11. Be3 O-O 12. Bg5 h6 13. Bxf6 Qxf6 14. O-O Rfd8 15. Nd5 Bxd5 16. Qxd5 Rac8 17. c3 Qe6 18. Bc4 Qxd5 19. Bxd5 Kf8 20. Rfd1 Ke7 21. Rd3 Rd7 22. Rad1 Na5 23. b3 b6 24. Rf3 f6 25. Rg3 g5 26. Rh3 Rh8 27. Rh5 Nb7 28. c4 Nc5 29. Re1 Ne6 30. g3 Ng7 31. Rh3 h5 32. f4 g4 33. Rh4 f5 34. h3 Kf6 35. hxg4 fxg4 36. fxe5+ Kxe5 37. Kg2 Rf8 38. Rf1 Rxf1 39. Kxf1 Rd8 40. Ke2 Rf8 41. Rh2 Rf3 42. Rg2 Kd4 43. Kd2 a5 44. Kc2 Ne8 45. e5 Rc3+ 46. Kb2 dxe5 47. Bf7 Nf6 48. Bg6 e4 49. Rd2+ Rd3 50. Re2 Ke5 51. Kc2 Rxg3 52. Rf2 Rf3 53. Re2 e3 54. Kd3 Kf4 55. Kd4 g3 0-1


[Site "https://www.chess.com"]

[Event "Titled Tuesday Blitz April 05 Late 2022"]
[White "Swicarz, Maciej"]
[Black "Arnold, Ken"]
[WhiteFideId "1113585"]
[BlackFideId "2056836"]
[WhiteElo "2524"]
[BlackElo "2252"]
[Result "0-1"]
[Round "09"]
[TimeControl "180+1"]
[Date "2022.04.06"]
[WhiteClock "0:00:15"]
[BlackClock "0:00:11"]

1. c4 e6 2. Nc3 Nf6 3. e4 d5 4. e5 d4 5. exf6 dxc3 6. bxc3 Qxf6 7. Nf3 c5 8. d4 h6 9. Bd3 cxd4 10. cxd4 Nc6 11. Be4 Bb4+ 12. Bd2 O-O 13. Bxc6 Bxd2+ 14. Qxd2 bxc6 15. Ne5 c5 16. O-O cxd4 17. Qxd4 Rd8 18. Qc3 Bb7 19. Rfd1 Qg5 20. Qg3 Rxd1+ 21. Rxd1 Rd8 22. Rxd8+ Qxd8 23. h4 Qd1+ 24. Kh2 Qd4 25. Ng4 Kh7 26. Ne3 f5 27. Qc7 Qxh4+ 28. Kg1 Be4 29. Qe5 Qf6 30. Qxf6 gxf6 31. c5 Kg7 32. f3 Bc6 33. Nc4 Kf7 34. Na5 Bd5 35. a3 Ke7 36. Kf2 Kd7 37. Ke3 e5 38. Kd3 f4 39. Ke2 f5 40. Kf2 h5 41. Ke2 h4 42. Kf2 e4 43. fxe4 fxe4 44. Ke2 e3 45. Kf1 Ke6 46. Kg1 Ke5 47. Kf1 Kd4 48. c6 Be6 49. c7 Kc5 50. Nb3+ Kb6 51. Nd4 Bc4+ 52. Ke1 Kxc7 53. Nf3 Bd5 54. Nxh4 Be4 55. Ke2 Kb6 56. g3 fxg3 57. Kxe3 g2 58. Kf2 Ka5 59. Nxg2 Bxg2 60. Kxg2 Ka4 61. Kf2 Kxa3 62. Ke1 Kb2 63. Kd1 a5 0-1


[Site "https://www.chess.com"]

[Event "Titled Tuesday Blitz April 05 Late 2022"]
[White "Szente Varga, Fruzsina"]
[Black "Kohler, Aran"]
[WhiteFideId "712264"]
[BlackFideId "1002856"]
[WhiteElo "2216"]
[BlackElo "2333"]
[Result "1-0"]
[Round "09"]
[TimeControl "180+1"]
[Date "2022.04.06"]
[WhiteClock "0:00:34"]
[BlackClock "0:00:08"]

1. e4 c5 2. Nf3 d6 3. d4 cxd4 4. Qxd4 Nc6 5. Bb5 Bd7 6. Qd3 e6 7. c4 a6 8. Bxc6 Bxc6 9. Nc3 Nf6 10. O-O Be7 11. h3 O-O 12. b4 b5 13. cxb5 axb5 14. Nd4 Bd7 15. Ndxb5 d5 16. e5 Ne4 17. Nxe4 dxe4 18. Qe2 Bxb4 19. a4 f5 20. exf6 Qxf6 21. Bb2 Qg6 22. Rfd1 Bc8 23. Qc4 Ba5 24. Nd6 Ba6 25. Qxe4 Qxe4 26. Nxe4 Rab8 27. Be5 Rb4 28. Ng3 Rc8 29. Rd7 Rb7 30. Rad1 Rxd7 31. Rxd7 Rc1+ 32. Kh2 Bb6 33. Rxg7+ Kf8 34. Ne4 Bd3 35. Nd6 Bxf2 36. Rf7+ Kg8 37. Rxf2 Bf5 38. Nxf5 exf5 39. Rxf5 Rc4 40. Rf4 Rxf4 41. Bxf4 h5 42. a5 Kh7 43. a6 h4 44. a7 Kg7 45. a8=Q Kf7 46. Qd5+ Ke7 47. Qg5+ Ke6 48. Qxh4 Kf5 49. Qg4+ Ke4 50. h4 Kd3 51. Be5 Ke3 52. h5 Kf2 53. h6 Kf1 54. h7 Kf2 55. h8=Q Kf1 56. Qf3+ Ke1 57. g4 Kd2 58. g5 Kc2 59. g6 Kb1 60. g7 Kc2 61. g8=Q Kd2 62. Qgg2+ Kc1 63. Bf4+ Kb1 64. Qh7+ Ka1 65. Be5# 1-0


[Site "https://www.chess.com"]

[Event "Titled Tuesday Blitz April 05 Late 2022"]
[White "Sztokbant, Bernardo Vainzoff"]
[Black "Golubev, Mikhail"]
[WhiteFideId "2115956"]
[BlackFideId "14100983"]
[WhiteElo "2530"]
[BlackElo "2416"]
[Result "1-0"]
[Round "09"]
[TimeControl "180+1"]
[Date "2022.04.06"]
[WhiteClock "0:00:02"]
[BlackClock "0:00:03"]

1. e4 c5 2. Nf3 d6 3. d4 cxd4 4. Qxd4 a6 5. Nc3 Nc6 6. Qe3 Nf6 7. h3 g6 8. Bc4 Bg7 9. O-O O-O 10. Rd1 Bd7 11. a4 Rc8 12. Be2 Nb4 13. Rd2 Qc7 14. Nd4 e5 15. Nf3 Bc6 16. Ne1 d5 17. exd5 Nfxd5 18. Nxd5 Nxd5 19. Qg3 Nf4 20. Bf1 Be4 21. Ra3 Bf5 22. Rc3 Qa5 23. Rxc8 Rxc8 24. Qb3 Be4 25. c3 Bc6 26. Rd6 Qxa4 27. Qxa4 Bxa4 28. Bxf4 exf4 29. Nd3 Bc6 30. Be2 Re8 31. Bf3 Bxf3 32. gxf3 Bf8 33. Rd7 b5 34. Kf1 g5 35. Rd5 h6 36. Ne5 b4 37. cxb4 Bxb4 38. Ng4 Kg7 39. Ne5 Rf8 40. Rd7 Kf6 41. Ng4+ Kg6 42. Rb7 a5 43. Ne5+ Kg7 44. Nc6 Bd2 45. Ke2 Rc8 46. Nd4 Bb4 47. Kd3 Rd8 48. Ke4 Re8+ 49. Kd3 Re1 50. Nc2 Rd1+ 51. Kc4 Rd2 52. Kb3 Rxf2 53. Nd4 Rd2 54. Kc4 Rxb2 55. Nf5+ Kg6 56. Nd4 Kh5 57. Rb6 f5 58. Nxf5 Rf2 59. Rxh6# 1-0


[Site "https://www.chess.com"]

[Event "Titled Tuesday Blitz April 05 Late 2022"]
[White "Tristan, Leonardo"]
[Black "Vasquez Schroeder, Rodrigo"]
[WhiteFideId "113816"]
[BlackFideId "3400042"]
[WhiteElo "2404"]
[BlackElo "2561"]
[Result "0-1"]
[Round "09"]
[TimeControl "180+1"]
[Date "2022.04.05"]
[WhiteClock "0:00:11"]
[BlackClock "0:00:35"]

1. d4 Nf6 2. Nf3 e6 3. Bf4 d5 4. e3 Bd6 5. Bg3 c5 6. Bb5+ Nc6 7. Nbd2 O-O 8. c3 Ne7 9. Bd3 b6 10. e4 Bxg3 11. hxg3 dxe4 12. Nxe4 Ng6 13. dxc5 bxc5 14. Nxc5 Qd5 15. Bxg6 Qxc5 16. Bc2 Ba6 17. Qd4 Qb5 18. O-O-O Rab8 19. b3 Rfc8 20. Ne5 Qa5 21. c4 Qxa2 22. Nc6 Qa3+ 23. Kb1 Rxc6 0-1


[Site "https://www.chess.com"]

[Event "Titled Tuesday Blitz April 05 Late 2022"]
[White "Tsukerman, Julia"]
[Black "Hoffmann, Asa"]
[WhiteFideId "2621649"]
[BlackFideId "2001470"]
[WhiteElo "2181"]
[BlackElo "2117"]
[Result "1/2-1/2"]
[Round "09"]
[TimeControl "180+1"]
[Date "2022.04.06"]
[WhiteClock "0:00:15"]
[BlackClock "0:00:36"]

1. e4 d6 2. d4 Nf6 3. Nc3 c6 4. Be3 Ng4 5. Bc1 e5 6. dxe5 dxe5 7. Qxd8+ Kxd8 8. h3 Nf6 9. Bd3 Be6 10. Bd2 Nbd7 11. f3 Kc7 12. Nge2 Nc5 13. Nc1 Nh5 14. Kf2 Rd8 15. Rd1 Be7 16. Be2 Bh4+ 17. Kg1 g6 18. Nd3 Nd7 19. Be1 Bxe1 20. Rxe1 Nf4 21. Nxf4 exf4 22. Kf2 Ne5 23. Red1 h5 24. b3 b5 25. Rxd8 Rxd8 26. Rd1 Rd6 27. Ke1 a6 28. Rxd6 Kxd6 29. Kd2 Kc5 30. a3 Kd4 31. Bd1 g5 32. Ne2+ Kc5 33. Nc3 Ng6 34. Be2 Kd4 35. Bf1 c5 36. Ne2+ Ke5 37. Nc3 g4 38. hxg4 hxg4 39. a4 b4 40. Nd1 gxf3 41. gxf3 Nh4 42. Be2 a5 43. Nb2 f5 44. Nd3+ Kd4 45. exf5 Bxf5 46. Nxf4 Ke5 47. Nd3+ Kd4 48. Nf4 Ke5 49. Nd3+ Kd4 50. Nf2 Ng2 51. Nd3 Bxd3 52. Bxd3 Nf4 53. Bb5 Nd5 54. Bc4 Nc3 55. Bd3 Ke5 56. Ke3 Nd5+ 57. Kd2 Kf4 58. Be2 Ne7 59. Ke1 Ng6 60. Kf2 Ne5 61. Bd1 Nc6 62. Be2 Nd4 63. Bd1 Nf5 64. Be2 Ne3 65. Bd3 Nd1+ 66. Ke2 Nc3+ 67. Kf2 Nd1+ 68. Ke2 Ne3 69. Kf2 Nd5 70. Ke2 Nc3+ 71. Kf2 1/2-1/2


[Site "https://www.chess.com"]

[Event "Titled Tuesday Blitz April 05 Late 2022"]
[White "Winkels, Marcel"]
[Black "Jarocka, Liwia"]
[WhiteFideId "1003887"]
[BlackFideId "21807558"]
[WhiteElo "1900"]
[BlackElo "1896"]
[Result "0-1"]
[Round "09"]
[TimeControl "180+1"]
[Date "2022.04.06"]
[WhiteClock "0:00:04"]
[BlackClock "0:00:29"]

1. e4 e5 2. Nf3 Nc6 3. Bc4 Bc5 4. c3 Nf6 5. d4 exd4 6. cxd4 Bb4+ 7. Nbd2 Bxd2+ 8. Bxd2 Nxe4 9. Qe2 Qe7 10. O-O-O O-O 11. d5 Nxd2 12. Qxd2 Qc5 13. Qc3 Na5 14. Rd4 b5 15. Qxa5 Rb8 16. b4 Qe7 17. Bb3 d6 18. Re1 Qf6 19. Qxc7 Bf5 20. Qe7 Rfc8+ 21. Kb2 Qg6 22. Nh4 Qh5 23. Nxf5 Qxf5 24. f3 Qg6 25. Qe2 h6 26. Ka3 Qf6 27. Qd2 a5 28. Ree4 axb4+ 29. Qxb4 Qg5 30. Re2 Qc1+ 31. Rb2 Ra8+ 32. Ba4 Rxa4+ 33. Qxa4 bxa4 34. Rb4 Rc2 0-1


[Site "https://www.chess.com"]

[Event "Titled Tuesday Blitz April 05 Late 2022"]
[White "Xiong, Jeffery"]
[Black "Li, Ben"]
[WhiteFideId "2047640"]
[BlackFideId "2089980"]
[WhiteElo "2727"]
[BlackElo "2267"]
[Result "1-0"]
[Round "09"]
[TimeControl "180+1"]
[Date "2022.04.05"]
[WhiteClock "0:02:28"]
[BlackClock "0:01:43"]

1. e4 e5 2. Nf3 Nc6 3. Nc3 Nf6 4. d4 exd4 5. Nxd4 Bb4 6. Nxc6 bxc6 7. Bd3 d5 8. exd5 cxd5 9. O-O O-O 10. h3 c6 11. Qf3 h6 12. Bf4 Bd6 13. Ne2 Rb8 14. b3 Re8 15. Rfd1 Be6 16. c4 Qe7 17. Rac1 Rbd8 18. Bxd6 Qxd6 19. c5 Qe7 20. Nd4 Bd7 21. b4 g6 22. b5 cxb5 23. c6 Be6 24. c7 Rc8 25. Bxb5 Rf8 26. Nc6 Qxc7 27. Qxf6 Rfe8 28. Nd4 Qxc1 29. Rxc1 Rxc1+ 30. Kh2 1-0


[Site "https://www.chess.com"]

[Event "Titled Tuesday Blitz April 05 Late 2022"]
[White "Yuan, Qingyu"]
[Black "Tregubov, Pavel V."]
[WhiteFideId "8609772"]
[BlackFideId "4115341"]
[WhiteElo "2359"]
[BlackElo "2341"]
[Result "0-1"]
[Round "09"]
[TimeControl "180+1"]
[Date "2022.04.05"]
[WhiteClock "0:00:04"]
[BlackClock "0:00:05"]

1. e4 e5 2. Nf3 Nf6 3. Nxe5 d6 4. Nf3 Nxe4 5. Nc3 Nf6 6. d4 Be7 7. Bd3 O-O 8. O-O Bg4 9. h3 Bh5 10. Re1 Re8 11. Bf4 Nc6 12. g4 Bg6 13. d5 Nb4 14. Bxg6 hxg6 15. a3 Na6 16. b4 Bf8 17. Qd3 Qd7 18. Kg2 Rac8 19. Bg3 Rxe1 20. Rxe1 c6 21. Re2 Nc7 22. dxc6 Qxc6 23. b5 Qc5 24. a4 Ne6 25. Ne4 Nxe4 26. Qxe4 d5 27. Qe5 Qc4 28. Nh4 Bd6 29. Qe3 Bf4 30. Qd3 Bxg3 31. fxg3 Qxa4 32. Nxg6 fxg6 33. Qxg6 Nf8 34. Qf5 Qc4 35. Kf2 Rc7 36. Qe5 Rf7+ 37. Kg2 Qxb5 38. Qe3 Qc6 39. Qd4 Qc4 40. Qe5 d4 41. h4 d3 42. cxd3 Qxd3 43. g5 Qf3+ 44. Kh2 Qf1 45. Qe3 Qf3 46. Qd2 Qf5 47. Qa2 Kh7 48. Rd2 Ng6 49. Qc4 Ne5 50. Qd5 Nf3+ 51. Kg2 Nxd2 52. Qxd2 Qf3+ 53. Kh3 Qf1+ 54. Kg4 Qf5+ 55. Kh5 g6# 0-1


[Site "https://www.chess.com"]

[Event "Titled Tuesday Blitz April 05 Late 2022"]
[White "Zherebtsova, Alexandra"]
[Black "Spata, German"]
[WhiteFideId "24129518"]
[BlackFideId "113026"]
[WhiteElo "2409"]
[BlackElo "2583"]
[Result "0-1"]
[Round "09"]
[TimeControl "180+1"]
[Date "2022.04.06"]
[WhiteClock "0:00:03"]
[BlackClock "0:00:19"]

1. d4 g6 2. e4 Bg7 3. h4 h6 4. h5 g5 5. f4 gxf4 6. Bxf4 d6 7. Nf3 c5 8. c3 Nf6 9. Nbd2 cxd4 10. cxd4 Bg4 11. Qa4+ Nbd7 12. Bd3 O-O 13. Rh4 e5 14. Be3 exd4 15. Nxd4 Nc5 16. Qa3 Re8 17. Bc2 Rc8 18. g3 Ne6 19. Nxe6 Rxe6 20. Bb3 Re7 21. Qb4 d5 22. Kf2 Nxe4+ 23. Nxe4 Rxe4 24. Qb5 Qf6+ 25. Kg1 Rxe3 26. Rxg4 Qf5 27. Qb4 a5 28. Qe4 Qxe4 0-1


[Site "https://www.chess.com"]

[Event "Titled Tuesday Blitz April 05 Late 2022"]
[White "Zhou, Qiyu"]
[Black "Baker, Chris W"]
[WhiteFideId "505161"]
[BlackFideId "401676"]
[WhiteElo "1925"]
[BlackElo "2143"]
[Result "1-0"]
[Round "09"]
[TimeControl "180+1"]
[Date "2022.04.06"]
[WhiteClock "0:00:06"]
[BlackClock "0:00:01"]

1. e4 e5 2. Nf3 Nc6 3. Bb5 a6 4. Ba4 Nf6 5. O-O Be7 6. Re1 b5 7. Bb3 O-O 8. h3 d6 9. c3 Na5 10. Bc2 c5 11. d4 Qc7 12. d5 Re8 13. Nbd2 h6 14. Nf1 Bf8 15. Kh2 g6 16. Ne3 Bg7 17. b3 Bd7 18. Rg1 c4 19. b4 Nb7 20. a4 a5 21. Ba3 axb4 22. Bxb4 Nc5 23. Nd2 Nxa4 24. Bxa4 bxa4 25. Nexc4 Bf8 26. Na3 Nh5 27. Ndc4 Reb8 28. Rb1 Bb5 29. Ne3 Nf4 30. c4 Bd7 31. Qd2 Qc8 32. Rgc1 Bxh3 33. gxh3 Qxh3+ 34. Kg1 Qf3 35. Qd1 Nh3+ 36. Kh2 Qxf2+ 37. Kxh3 Qxe3+ 38. Kg2 Rxb4 39. Rxb4 Qxa3 40. Rcb1 Qe3 41. Qf3 Qd2+ 42. Qf2 Qd3 43. Qf3 Qc2+ 44. Kg3 Ra7 45. Rb7 Rxb7 46. Rxb7 f5 47. exf5 Qxf5 48. Qxf5 gxf5 49. Ra7 1-0


[Site "https://www.chess.com"]

[Event "Titled Tuesday Blitz April 05 Late 2022"]
[White "Aldokhin, Ivan"]
[Black "Pakleza, Zbigniew"]
[WhiteFideId "24115720"]
[BlackFideId "1119290"]
[WhiteElo "2231"]
[BlackElo "2467"]
[Result "0-1"]
[Round "10"]
[TimeControl "180+1"]
[Date "2022.04.05"]
[WhiteClock "0:00:09"]
[BlackClock "0:01:06"]

1. e4 d6 2. d4 Nf6 3. Nc3 c6 4. f4 Qb6 5. Nf3 Bg4 6. e5 Nd5 7. Nxd5 cxd5 8. c3 Nc6 9. Bd3 e6 10. a4 g6 11. b4 Be7 12. a5 Qc7 13. O-O a6 14. h3 Bf5 15. g4 Bxd3 16. Qxd3 h5 17. Bd2 Na7 18. f5 hxg4 19. hxg4 gxf5 20. gxf5 O-O-O 21. f6 dxe5 22. dxe5 Bxf6 23. Bf4 Nc6 24. Qe3 Bh4 25. Rfb1 Rdg8+ 26. Kf1 Ne7 27. Qd3 Bg3 28. Be3 Nf5 29. b5 Qc4 30. Ke2 Nxe3 31. Kxe3 Bf4+ 32. Ke2 Rg2+ 0-1


[Site "https://www.chess.com"]

[Event "Titled Tuesday Blitz April 05 Late 2022"]
[White "Ambartsumova, Karina"]
[Black "Andrews, Todd"]
[WhiteFideId "4166299"]
[BlackFideId "2012456"]
[WhiteElo "2575"]
[BlackElo "2324"]
[Result "1-0"]
[Round "10"]
[TimeControl "180+1"]
[Date "2022.04.06"]
[WhiteClock "0:00:44"]
[BlackClock "0:00:03"]

1. e4 c5 2. Nf3 d6 3. Bb5+ Nd7 4. c3 Nf6 5. O-O a6 6. Ba4 e6 7. Re1 Be7 8. d4 O-O 9. e5 Nd5 10. Bc2 cxd4 11. cxd4 b5 12. Qd3 g6 13. a3 dxe5 14. dxe5 Bb7 15. Bh6 Re8 16. Nbd2 Nc5 17. Qe2 Rc8 18. Rad1 Qb6 19. h4 Bf8 20. Bxf8 Rxf8 21. Ne4 Nxe4 22. Bxe4 Nf4 23. Qd2 Bxe4 24. Qxf4 Bxf3 25. Qxf3 Rc2 26. h5 f5 27. exf6 Qc6 28. f7+ Rxf7 29. Rd8+ Kg7 30. h6+ Kxh6 31. Qxf7 Qc5 32. Qf4+ g5 33. Rxe6+ Kh5 34. g4+ Kh4 35. Rh6# 1-0


[Site "https://www.chess.com"]

[Event "Titled Tuesday Blitz April 05 Late 2022"]
[White "Andreikin, Dmitry"]
[Black "Sadhwani, Raunak"]
[WhiteFideId "4158814"]
[BlackFideId "35093487"]
[WhiteElo "2736"]
[BlackElo "2616"]
[Result "0-1"]
[Round "10"]
[TimeControl "180+1"]
[Date "2022.04.05"]
[WhiteClock "0:00:16"]
[BlackClock "0:00:08"]

1. d4 Nf6 2. c4 g6 3. Nc3 Bg7 4. e4 d6 5. h3 O-O 6. Be3 c5 7. Nf3 Qa5 8. Bd3 cxd4 9. Nxd4 Nc6 10. O-O Nxd4 11. Bxd4 Bd7 12. Re1 Bc6 13. Rb1 Qh5 14. Be2 Qh4 15. Bf3 Nd7 16. Bxg7 Kxg7 17. b4 Ne5 18. Be2 Rac8 19. b5 Bd7 20. Nd5 Be6 21. Qd4 Bxd5 22. cxd5 Rc5 23. b6 Qf6 24. Qe3 axb6 25. Rxb6 Ra8 26. a3 Nc4 27. Bxc4 Rxc4 28. Rxb7 Rc3 29. e5 Qxe5 30. Qxe5+ dxe5 31. Rxe5 Rcxa3 32. Rexe7 Rf8 33. h4 Rd3 34. Red7 h5 35. g3 Kf6 36. Kg2 Ke5 37. Re7+ Kf6 38. Red7 Ke5 39. Rb5 Kf6 40. Rb4 Ke5 41. Rb1 Kf6 42. Re1 Rb8 0-1


[Site "https://www.chess.com"]

[Event "Titled Tuesday Blitz April 05 Late 2022"]
[White "Arabidze, Meri"]
[Black "Chernomordik, Pavel"]
[WhiteFideId "13604040"]
[BlackFideId "2804530"]
[WhiteElo "2599"]
[BlackElo "2460"]
[Result "1-0"]
[Round "10"]
[TimeControl "180+1"]
[Date "2022.04.06"]
[WhiteClock "0:01:27"]
[BlackClock "0:00:12"]

1. d4 g6 2. g3 Bg7 3. Bg2 d6 4. Nf3 Nf6 5. O-O O-O 6. a4 c6 7. a5 Qc7 8. c3 e5 9. Re1 Bf5 10. Nbd2 Nbd7 11. e4 Be6 12. Ng5 Bg4 13. f3 h6 14. Nxf7 Bxf3 15. Nxh6+ Bxh6 16. Nxf3 Bxc1 17. Qxc1 Kg7 18. Nh4 exd4 19. Qg5 Ne5 20. cxd4 Nh7 21. Qd2 Ng4 22. h3 Ngf6 23. e5 Nh5 24. Qd3 Qf7 25. exd6 Qf6 26. Re7+ Kh6 27. Qe3+ Ng5 28. Nf3 Nxg3 29. Nxg5 Ne2+ 30. Qxe2 Qxg5 31. Qe5 Rf5 32. Qg7+ Kh5 33. Qh7+ Qh6 34. Qxh6+ Kxh6 35. d7 Rd8 36. a6 1-0


[Site "https://www.chess.com"]

[Event "Titled Tuesday Blitz April 05 Late 2022"]
[White "Araujo Filho, Luiz Antonio Coel"]
[Black "Sadovsky, Artem"]
[WhiteFideId "2130661"]
[BlackFideId "4155840"]
[WhiteElo "2265"]
[BlackElo "2314"]
[Result "1-0"]
[Round "10"]
[TimeControl "180+1"]
[Date "2022.04.06"]
[WhiteClock "0:01:15"]
[BlackClock "0:02:16"]

1. d4 Nf6 2. Nf3 Ng8 3. c4 Nf6 4. Nc3 Ng8 5. e4 Nf6 6. Be2 Ng8 7. O-O Nf6 8. Re1 Ng8 9. e5 e6 10. d5 Na6 11. a3 h6 12. b4 Nxb4 13. axb4 Bxb4 14. Bb2 Bxc3 15. Bxc3 Ne7 16. d6 cxd6 17. exd6 Nf5 18. c5 O-O 19. Bd3 Nh4 20. Nxh4 Qxh4 21. Re4 Qd8 22. Rg4 f6 23. Rxg7+ Kxg7 24. Qg4+ Kh8 25. Qg6 Qe7 26. dxe7 1-0


[Site "https://www.chess.com"]

[Event "Titled Tuesday Blitz April 05 Late 2022"]
[White "Ardila, Oscar Humberto"]
[Black "Hernandez Bermudez, Ulises Eduardo"]
[WhiteFideId "4404742"]
[BlackFideId "3902510"]
[WhiteElo "1983"]
[BlackElo "2056"]
[Result "0-1"]
[Round "10"]
[TimeControl "180+1"]
[Date "2022.04.06"]
[WhiteClock "0:00:23"]
[BlackClock "0:00:37"]

1. d4 Nf6 2. c4 g6 3. Nc3 Bg7 4. Nf3 d6 5. e4 O-O 6. Be2 e5 7. d5 a5 8. O-O Ne8 9. Bg5 f6 10. Bh4 Nd7 11. Qc2 h6 12. b3 g5 13. Bg3 f5 14. exf5 Nc5 15. Ne4 Bxf5 16. Nfd2 Nf6 17. Bd3 Nxd3 18. Qxd3 Qd7 19. Rae1 Bh7 20. Nxf6+ Rxf6 21. Ne4 Rf7 22. f3 Raf8 23. a3 c6 24. dxc6 Qxc6 25. Qd2 Bxe4 26. Rxe4 Qxe4 27. Re1 Qc6 28. Kh1 e4 29. Bxd6 Rd8 30. c5 exf3 31. h3 fxg2+ 32. Qxg2 Qxg2+ 33. Kxg2 Bf8 34. Re6 Bxd6 35. cxd6 Kg7 36. b4 axb4 37. axb4 Rfd7 38. Re5 b6 39. Rb5 Rxd6 40. Kg3 Kg6 41. Kf3 R8d7 42. Ke4 Rf7 43. Ke5 Rfd7 44. Ke4 Rf6 45. Ke3 Re7+ 46. Kd4 Ree6 47. Rd5 Rd6 48. Ke5 Rxd5+ 49. Kxd5 Rf3 50. b5 Rxh3 51. Kc6 Rb3 52. Kxb6 h5 53. Kc6 h4 54. b6 h3 55. b7 h2 56. Kc7 h1=Q 57. b8=Q Qh2+ 0-1


[Site "https://www.chess.com"]

[Event "Titled Tuesday Blitz April 05 Late 2022"]
[White "Arnold, Ken"]
[Black "Papp, Levente"]
[WhiteFideId "2056836"]
[BlackFideId "751243"]
[WhiteElo "2265"]
[BlackElo "2308"]
[Result "0-1"]
[Round "10"]
[TimeControl "180+1"]
[Date "2022.04.05"]
[WhiteClock "0:00:02"]
[BlackClock "0:00:49"]

1. e4 e6 2. Nf3 d5 3. exd5 exd5 4. d4 Bg4 5. Be2 Nc6 6. h3 Bh5 7. c3 Bd6 8. O-O Nge7 9. Re1 O-O 10. Ne5 Bxe2 11. Rxe2 Bxe5 12. dxe5 d4 13. Bf4 Qd5 14. cxd4 Rad8 15. Rd2 Nxd4 16. Nc3 Qc4 17. Be3 Nec6 18. Rc1 Ne6 19. Nd5 Qe4 20. Qb3 Ned4 21. Bxd4 Nxd4 22. Ne7+ Kh8 23. Qd1 Qxe5 24. Rc4 Nf3+ 25. gxf3 Qg5+ 26. Rg4 0-1


[Site "https://www.chess.com"]